 Dungeon Crawl Stone Soup version 0.19-a0-1019-g9c6a58d (webtiles) character file.

188 epen the Poker (level 5, -2/41 HPs)
             Began as a Merfolk Skald on July 25, 2016.
             Slain by Grinder (4 damage)
             ... on level 4 of the Dungeon.
             The game lasted 00:05:51 (3710 turns).

epen the Poker (Merfolk Skald)                      Turns: 3710, Time: 00:05:52

Health: -2/41      AC:  4    Str: 13    XL:     5   Next: 67%
Magic:  0/9        EV: 18    Int: 11    God:
Gold:   216        SH:  0    Dex: 19    Spells: 3 memorised, 4 levels left

rFire  . . .     SeeInvis .     a - +0 spear
rCold  . . .     Gourm    .     b - +0 leather armour
rNeg   . . .     Faith    .     (no shield)
rPois  .         Spirit   .     (no helmet)
rElec  .         Dismiss  .     (no cloak)
rCorr  +         Reflect  .     v - +0 pair of gloves
SustAt .         Harm     .     (no boots)
MR     .....                    (no amulet)
Stlth  ++........               (no ring)
                                q - ring of resist corrosion

@: agile, infused, very slightly contaminated, hasted, very quick, not resistant
to hostile enchantments, unstealthy
A: change form in water, swift swim
a: no special abilities


You were on level 4 of the Dungeon.
You were hungry.

You visited 1 branch of the dungeon, and saw 4 of its levels.

You collected 216 gold pieces.

Inventory:

Hand Weapons
 a - a +0 spear (weapon)
Missiles
 n - a throwing net (quivered)
Armour
 b - a +0 leather armour (worn)
 v - a +0 pair of gloves (worn)
Jewellery
 q - a ring of resist corrosion (left hand)
Wands
 h - a wand of polymorph (11/24)
Scrolls
 f - a scroll of teleportation {unknown}
 j - a scroll of blinking {unknown}
 k - a scroll of amnesia {unknown}
 l - 3 scrolls of identify {unknown}
 s - a scroll of fear {unknown}
 t - a scroll of remove curse {unknown}
 w - a scroll of recharging {unknown}
 x - a scroll of noise {unknown}
Potions
 e - a potion of might
Books
 c - a book of Battle

   Spells                             Type                      Level
   a - Infusion                       Charms                       1
   b - Shroud of Golubria             Charms/Translocation         2
   c - Song of Slaying                Charms                       2
   d - Spectral Weapon                Hexes/Charms                 3
   e - Regeneration                   Charms/Necromancy            3
Comestibles
 d - 4 bread rations
 r - a slice of pizza
 z - a meat ration


   Skills:
 + Level 3.1 Fighting
 + Level 4.1 Polearms
 + Level 1.1 Armour
 + Level 2.9 Dodging
 * Level 3.1 Spellcasting
 * Level 1.1 Hexes
 * Level 4.0 Charms


You had 4 spell levels left.
You knew the following spells:

 Your Spells              Type           Power        Failure   Level  Hunger
a - Infusion              Chrm           ##..         10%         1    #......
b - Song of Slaying       Chrm           ##......     12%         2    ###....
c - Spectral Weapon       Hex/Chrm       #.......     38%         3    ###....


Dungeon Overview and Level Annotations

Branches:
Dungeon (4/15)
 Temple: D:4-7

Altars:
Okawaru
Pakellas

Shops:
D:4 }

Annotations:
D:4 Grinder


Message History

You hit Grinder.
Grinder is moderately wounded.
It was a potion of agility.
You feel agile all of a sudden. Grinder hits you.
* * * LOW HITPOINT WARNING * * *
You writhe in agony.
* * * LOW HITPOINT WARNING * * *
You hit Grinder.
Grinder is heavily wounded.
Grinder misses you.
You hit Grinder but do no damage.
Grinder is heavily wounded.
You hit Grinder.
Grinder is heavily wounded.
Grinder blinks!
Grinder hits you.
* * * LOW HITPOINT WARNING * * *
You writhe in agony.
You die...

#### ### ######.$ #.#
...##.# #.#
#.##.####♣♣.##.########
#.....5.'...#.........#
#.###..#.##@######..##.##.#
#..............###..##.##.#
#....#.#>###..>.....##..#.#
#..#.#.#.# ########.###.#.#
.........#.# #.......#
###.##......#.# #####.###
.(............# #.#
.##.##........# #.#
.....#..#..##.# #.#


You could see Grinder.

Vanquished Creatures
  An orc priest (D:3)
  A worker ant (D:4)
  4 adders (D:2)
  An ooze (D:3)
  3 worms
  A dart slug (D:1)
  2 giant geckos
  6 orcs (D:3)
  7 giant cockroaches
  9 goblins
  9 hobgoblins
  4 jackals
  A quokka (D:3)
  10 bats
  A giant gecko skeleton (D:4)
  4 giant newts
  5 kobolds
  5 rats
74 creatures vanquished.

Notes
Turn   | Place    | Note
-------+----------+-------------------------------------------
     0 | D:1      | epen the Merfolk Skald began the quest for the Orb.
     0 | D:1      | Reached XP level 1. HP: 16/16 MP: 3/3
   183 | D:1      | Reached XP level 2. HP: 16/22 MP: 5/5
   764 | D:2      | Reached XP level 3. HP: 25/28 MP: 0/6
  1233 | D:2      | Reached XP level 4. HP: 21/34 MP: 0/8
  1238 | D:2      | Found an iron altar of Okawaru.
  1923 | D:3      | Learned a level 2 spell: Song of Slaying
  1927 | D:3      | Learned a level 3 spell: Spectral Weapon
  2316 | D:3      | Reached skill level 1 in Armour
  2332 | D:3      | Reached XP level 5. HP: 36/40 MP: 7/9
  3124 | D:3      | Found an oddly glowing altar of Pakellas.
  3277 | D:4      | Found Huosoaps's Gadget Shoppe.
  3449 | D:4      | Reached skill level 1 in Hexes
  3654 | D:4      | Noticed Grinder
  3679 | D:4      | HP: 1/41 [Grinder (4)]
  3710 | D:4      | HP: 2/41 [Grinder (6)]
  3710 | D:4      | Slain by Grinder

Vault maps used:
D:1:      ncdulo_smallfort, minmay_misc_feat_pillars
D:2:      okawaru_gym_becter
D:3:      kennysheep_six_static_rooms, nicolae_overflow_hidden_temple,
          kennysheep_generic_room_3
D:4:      serial_shops, shop, kennysheep_nondescript, serial_bayou_ford_a,
          uniq_grinder, uniq_eustachio, uniq_menkaure

Skill      XL: |  1  2  3  4  5 |
---------------+----------------+-----
Dodging        | 2 |  2.9
Armour         | 1 |  1.1
Spellcasting   | 3 |  3.1
Polearms       | 4 |  4.1
Fighting       | 3 |  3.1
Hexes          | 1 |  1.1
Charms         | 4 |  4.0

Action                   |  1- 3 |  4- 6 || total
-------------------------+-------+-------++-------
Melee: Spear             |   120 |   248 ||   368
 Cast: Infusion          |     3 |     5 ||     8
       Spectral Weapon   |       |     2 ||     2
  Use: Potion            |       |     8 ||     8
 Stab: Sleeping          |     1 |     2 ||     3
  Eat: Chunk             |     1 |     8 ||     9
Armor: Leather armour    |    23 |    35 ||    58
Dodge: Dodged            |    52 |   108 ||   160
